 Dungeon Crawl Stone Soup version 0.29.1-15-g9cfb28693d (webtiles) character file.

Game seed: 8759920856329038640

35 LustLizard the Firebug (level 3, -6/27 HPs)
             Began as a Hill Orc Fire Elementalist on Apr 8, 2023.
             Mangled by Crazy Yiuf
             ... wielding a +3 quarterstaff of chaos
              (14 damage)
             ... on level 2 of the Dungeon.
             The game lasted 00:02:55 (2004 turns).

LustLizard the Firebug (Hill Orc Fire Elementalist) Turns: 2004, Time: 00:02:55

Health: -6/27      AC:  5    Str: 10    XL:     3   Next: 33%
Magic:  0/5        EV: 12    Int: 17    God:
Gold:   81         SH:  0    Dex: 11    Spells: 2/5 levels left

rFire   . . .      SeeInvis .   d - +0 short sword
rCold   . . .      Faith    .   (no shield)
rNeg    . . .      Spirit   .   a - +0 robe
rPois   .          Reflect  .   (no helmet)
rElec   .          Harm     .   (no cloak)
rCorr   .          Rampage  .   (no gloves)
Will    .....                   o - +2 pair of boots
Stlth   ++........              (no amulet)
HPRegen 0.09/turn               (no ring)
MPRegen 0.09/turn               (no ring)

@: mighty
A: no striking features
a: no special abilities


You were on level 2 of the Dungeon.
You visited 1 branch of the dungeon, and saw 2 of its levels.

You collected 81 gold pieces.

Inventory:

Hand Weapons
 d - a +0 short sword (weapon)
Missiles
 m - a throwing net
Armour
 a - a +0 robe (worn)
 o - a +2 pair of boots (worn)
Scrolls
 c - 3 scrolls of identify {unknown}
 g - a scroll of brand weapon {unknown}
 i - a scroll of enchant weapon {unknown}
 j - a scroll of acquirement {unknown}
 l - a scroll of butterflies {unknown}
 n - 3 scrolls of magic mapping {unknown}
 p - a scroll of enchant armour {unknown}
 q - a scroll of teleportation {unknown}
 r - a scroll of amnesia {unknown}
Potions
 b - a potion of magic
 e - a potion of curing {unknown}
 f - 3 potions of mutation {unknown}
 h - 2 potions of brilliance {unknown}
 k - 2 potions of heal wounds {unknown}


   Skills:
 + Level 0.8 Fighting
 + Level 1.7 Dodging
 - Level 1.5 Stealth
 + Level 1.7 Spellcasting
 * Level 1.9 Conjurations
 * Level 3.8 Fire Magic


You had 2 spell levels left.
You knew the following spells:

 Your Spells              Type           Power      Damage    Failure   Level
a - Foxfire               Conj/Fire      44%        2x1d6     6%          1
b - Scorch                Fire           28%        2d6       6%          2

Your spell library contained the following spells:

 Spells                   Type           Power      Damage    Failure   Level
 Shock                    Conj/Air       16%        1d4       14%         1
 Beastly Appendage        Tmut           2%         N/A       21%         1
 Wereblood                Tmut           1%         N/A       30%         2
 Conjure Flame            Conj/Fire      11%        6-21      19%         3
 Inner Flame              Hex/Fire       8%         N/A       26%         3
 Spider Form              Tmut/Pois      1%         N/A       52%         3
 Swiftness                Air            1%         N/A       52%         3
 Flame Wave               Conj/Fire      11%        2d6       52%         4
 Airstrike                Air            0%         2d(1-17)  89%         4
 Summon Forest            Summ/Tloc      0%         N/A       99%         5
 Summon Mana Viper        Hex/Summ       1%         N/A       99%         5
 Summon Cactus Giant      Summ           0%         N/A       100%        6


Dungeon Overview and Level Annotations

Branches:
Dungeon (2/15)

Altars:
Nemelex Xobeh

Shops:
D:2 ?

Annotations:
D:2 Crazy Yiuf


Message History

Memorise Scorch, consuming 2 spell levels and leaving 2?
You start memorising the spell.
You continue memorising. x2
You finish memorising.
Spell assigned to 'b'.
You open the door.
Casting: Foxfire (safe; 6% risk of failure)
Confirm with . or Enter, or press ? or * to list all spells.
Flames lash Crazy Yiuf.
Crazy Yiuf is lightly wounded.
Crazy Yiuf's fire resistance burns away.
Crazy Yiuf cries, "Action forty-two action!"
Crazy Yiuf barely misses you.
Casting: Scorch (safe; 6% risk of failure)
Confirm with . or Enter, or press ? or * to list all spells.
You conjure some foxfire!
Crazy Yiuf laughs, "Cards!
Cake wrapper snail."
Crazy Yiuf hits you with a +3 quarterstaff of chaos!
You feel very mighty all of a sudden.
Casting: Foxfire (safe; 6% risk of failure)
Confirm with . or Enter, or press ? or * to list all spells.
Flames lash Crazy Yiuf.
Crazy Yiuf is burned terribly!
Crazy Yiuf is severely wounded.
Crazy Yiuf barely misses you.
Unknown command.
Casting: Scorch (safe; 6% risk of failure)
Confirm with . or Enter, or press ? or * to list all spells.
You don't have enough magic to cast this spell.
You hit Crazy Yiuf.
Crazy Yiuf is severely wounded.
Crazy Yiuf barely misses you.
You closely miss Crazy Yiuf.
Crazy Yiuf is severely wounded.
Crazy Yiuf closely misses you.
Crazy Yiuf hits you with a +3 quarterstaff of chaos!
* * * LOW HITPOINT WARNING * * *
You hit Crazy Yiuf.
Crazy Yiuf is almost dead.
Crazy Yiuf waves his quarterstaff at you.
Crazy Yiuf hits you with a +3 quarterstaff of chaos!
Ouch! That really hurt!
You die...

#.# #.# #.# ## #.# #.#
#.# #.# #.# #.# ###
### ### ##### #....
######## #.### ###
###.#..#.## #.#
#...##..#......###.#
#...g@####.......#.#
#)..### ##.#..#.#.#
### ######.#.# #.#.###
#.....)
################...###
#.##.#.............###
#.##.#.#########.#....
#.##.#.# ######.#####


You could see Crazy Yiuf (combustible).

Vanquished Creatures
  A dart slug (D:2)
  A ball python (D:1)
  5 bats
  2 endoplasms
  2 giant cockroaches
  5 goblins
  3 hobgoblins (D:2)
  3 frilled lizards
  3 kobolds
  6 rats
31 creatures vanquished.

Vanquished Creatures (others)
  65 foxfires
65 creatures vanquished.

Grand Total: 96 creatures vanquished

Notes
Turn   | Place    | Note
-------+----------+-------------------------------------------
     0 | D:1      | LustLizard the Hill Orc Fire Elementalist began the quest
                  | for the Orb.
     0 | D:1      | Reached XP level 1. HP: 14/14 MP: 3/3
   366 | D:1      | You fall into a shaft and drop 1 floor!
   366 | D:2      | Found Odosuisu's Magic Scroll Boutique.
   393 | D:2      | Reached XP level 2. HP: 22/22 MP: 1/4
   464 | D:1      | Found a faded altar of an unknown god.
   860 | D:2      | Reached XP level 3. HP: 27/27 MP: 3/5
  1507 | D:2      | Found a runed translucent door.
  1508 | D:2      | Noticed Crazy Yiuf
  1782 | D:2      | Found a sparkling altar of Nemelex Xobeh.
  1998 | D:2      | Learned a level 2 spell: Scorch
  2004 | D:2      | Mangled by Crazy Yiuf

Illustrated notes

Levels and vault maps discovered:
D:1:      eino_arrival_druids_welcome, layout_rooms,
          hellmonk_ecumenical_altar_blasted
D:2:      layout_loops_ring, basic_altar, serial_shops, shop,
          minmay_tetromino_o2, uniq_crazy_yiuf_cottage

Action                   || total
-------------------------++-------
Melee: Short sword       ||    22
 Cast: Foxfire           ||    41
       Scorch            ||     2
Armor: Robe              ||     3
Dodge: Dodged            ||    17
